 Dungeon Crawl Stone Soup version 0.31.0-11-ge490571c62 (webtiles) character file.

Game seed: 2612140181149029721

212 qw the Skirmisher (level 5, -7/29 HPs)
             Began as a Deep Elf Hunter on Feb 4, 2024.
             Killed from afar by an oklob sapling (21 damage)
             ... with a splash of acid
             ... on level 4 of the Dungeon.
             The game lasted 00:00:09 (2557 turns).

qw the Skirmisher (Deep Elf Hunter)                 Turns: 2557, Time: 00:00:10

Health: -7/29      AC:  3    Str: 10    XL:     5   Next: 58%
Magic:  0/7        EV: 12    Int: 14    God:
Gold:   201        SH:  0    Dex: 18    Spells: 4/4 levels left

rFire   . . .        a - +0 shortbow
rCold   . . .        (shield currently unavailable)
rNeg    . . .        c - +0 leather armour
rPois   .            (no helmet)
rElec   .            (no cloak)
rCorr   .            (no gloves)
SInv    .            (no boots)
Will    .....        b - amulet of guardian spirit
Stlth   ++           (no ring)
HPRegen 0.24/turn    (no ring)
MPRegen 0.10/turn

%: guardian spirit
@: no status effects
A: no striking features
a: no special abilities


You were on level 4 of the Dungeon.
You visited 1 branch of the dungeon, and saw 4 of its levels.

You collected 201 gold pieces.


   Skills:
 - Level 1.5 Fighting
 - Level 9.1 Ranged Weapons
 + Level 2.5 Dodging
 - Level 1.2 Stealth


You had 4 spell levels left.
You didn't know any spells.
Your spell library was empty.

Inventory:

Hand Weapons
 a - a +0 shortbow (weapon)
Armour
 c - a +0 leather armour (worn)
 d - a +0 ring mail
Jewellery
 b - an amulet of guardian spirit (around neck)
Potions
 g - a potion of magic {unknown}
 h - 2 potions of curing

Dungeon Overview and Level Annotations

Branches:
Dungeon (4/15)             Temple (0/1) D:4

Altars:
Xom
The Shining One

Shops:
D:4 *

Annotations:
D:3 3 runed translucent doors, qw's ghost, amateur SpHu


Message History

The hobgoblin is severely wounded.
You shoot an arrow. The arrow hits the hobgoblin.
You kill the hobgoblin!
There is an entrance to Zifruruuwiy's General Store here.
2540 ||| SHOPLISTING +4 ring mail of cold resistance (434 gold, have 201).
You can access your shopping list by pressing '$'.
2540 ||| SHOPLISTING wand of digging (4) (235 gold, have 201).
You can access your shopping list by pressing '$'.
An oklob sapling comes into view.
Enter note:
Found a staircase to the Ecumenical Temple.
2545 ||| PLANNING TEMPLE You shoot an arrow.
The arrow hits the plant.
The plant begins to die.
The plant is lightly damaged.
You shoot an arrow.
The arrow hits the plant but does no damage.
The plant is lightly damaged.
You shoot an arrow. The arrow hits the plant.
The plant is lightly damaged.
You shoot an arrow. The arrow completely misses the plant.
The arrow hits the plant!
The plant begins to die.
The plant is lightly damaged.
A nearby plant withers and dies.
You shoot an arrow. The arrow hits the plant.
The plant is lightly damaged.
You shoot an arrow. The arrow hits the plant.
The plant is lightly damaged.
A nearby plant withers and dies.
An endoplasm comes into view.
The oklob sapling spits acid at you. The splash of acid hits you!!
Ouch! That really hurt!
You shoot an arrow.
The arrow hits the oklob sapling but does no damage.
You shoot an arrow. The arrow hits the oklob sapling.
The oklob sapling is lightly damaged.
The oklob sapling spits acid at you. The splash of acid hits you!!
Ouch! That really hurt!
You die... ....# ###+##....# #.P.P.JP..# #..PPPP...# #..P..PP..# +.PPP>.P..# #. #.P.PPPPP.#

#..#
#..P@PP...####....
##..P..P..........
#####............
##..........#
#...........
#...........
#..........#
#..........#
#..........#


You could see an oklob sapling and an endoplasm.

Vanquished Creatures
  Natasha (thrice) (D:3)
  3 adders
  3 gnolls (D:3)
  2 adder zombies (D:3)
  An adder skeleton (D:3)
  A ribbon worm (D:2)
  3 dart slugs
  An orc (D:3)
  9 ball pythons
  3 endoplasms (D:1)
  A giant cockroach (D:4)
  7 goblins
  3 hobgoblins
  3 jackals (D:2)
  5 quokkas
  A ball python zombie (D:3)
  5 bats
  A frilled lizard (D:2)
  4 kobolds
  A quokka skeleton (D:3)
  5 rats (D:2)
  A spectral ball python (D:3)
66 creatures vanquished.

Notes
Turn   | Place    | Note
-------+----------+-------------------------------------------
     0 | D:1      | qw the Deep Elf Hunter began the quest for the Orb.
     0 | D:1      | Reached XP level 1. HP: 12/12 MP: 3/3
     0 | D:1      | 0 ||| qw: Version: 0.3-a-160-g6735b56
     0 | D:1      | 0 ||| qw: Game counter: 4375
     0 | D:1      | 0 ||| qw: Melee chars always use a shield: true
     0 | D:1      | 0 ||| qw: God list: Okawaru
     0 | D:1      | 0 ||| qw: Allow faded altars: false
     0 | D:1      | 0 ||| qw: Do Orc after clearing Dungeon:15 true
     0 | D:1      | 0 ||| qw: Do second Lair branch before Depths: true
     0 | D:1      | 0 ||| qw: Lair rune preference: random
     0 | D:1      | 0 ||| qw: Goals: Normal
     0 | D:1      | 0 ||| PLANNING D:1-11
   159 | D:1      | Reached skill level 6 in Ranged Weapons
   159 | D:1      | Reached XP level 2. HP: 14/16 MP: 4/4
   422 | D:1      | Found a faded altar of an unknown god.
   671 | D:1      | 671 ||| READING scroll labelled WIONKOLETA.
   671 | D:1      | 671 ||| IDENTIFYING glowing brown potion
   672 | D:1      | 672 ||| READING scroll labelled PECAGO YL HEA.
   673 | D:1      | 673 ||| READING scroll labelled BUTIAPP XIOCK.
   677 | D:1      | 677 ||| DRINKING 2 grey potions.
   678 | D:1      | 678 ||| DROPPING scroll of butterflies.
   679 | D:1      | 679 ||| DROPPING potion of lignification.
   739 | D:2      | Reached XP level 3. HP: 20/20 MP: 5/5
   860 | D:2      | Reached skill level 7 in Ranged Weapons
  1468 | D:2      | 1468 ||| UPGRADING to amulet of guardian spirit.
  1473 | D:2      | 1473 ||| READING 2 scrolls of identify.
  1473 | D:2      | 1473 ||| IDENTIFYING fizzy silvery potion
  1515 | D:3      | Reached XP level 4. HP: 25/25 MP: 6/6
  1555 | D:3      | Found a shimmering altar of Xom.
  1651 | D:3      | Reached skill level 8 in Ranged Weapons
  1819 | D:3      | Noticed Natasha
  1830 | D:3      | Killed Natasha
  1831 | D:3      | Reached XP level 5. HP: 16/29 MP: 4/7
  1913 | D:3      | Identified the +7 dagger "Giant's Death Toll" {pain,
                  | ^Fragile Str+5 Int+4}
  1961 | D:3      | Found a runed translucent gate.
  1961 | D:3      | Found a runed translucent gate.
  1962 | D:3      | Found a runed translucent gate.
  1963 | D:3      | Noticed qw's ghost (amateur SpHu)
  2029 | D:3      | Noticed Natasha
  2039 | D:3      | HP: 4/29 [Natasha (4)]
  2040 | D:3      | 2040 ||| DRINKING potion of heal wounds.
  2041 | D:3      | Killed Natasha
  2130 | D:3      | Found a glowing golden altar of the Shining One.
  2160 | D:3      | Noticed Natasha
  2169 | D:3      | Killed Natasha
  2170 | D:3      | Reached skill level 9 in Ranged Weapons
  2304 | D:3      | 2304 ||| READING scroll of identify.
  2304 | D:3      | 2304 ||| IDENTIFYING puce potion
  2305 | D:3      | 2305 ||| READING scroll labelled KOKOBLU FUKHLI.
  2306 | D:3      | 2306 ||| READING scroll labelled IXOGGY AXTAO.
  2407 | D:3      | 2407 ||| READING scroll labelled SOIRRU OSILL.
  2408 | D:3      | 2408 ||| DROPPING potion of degeneration.
  2533 | D:4      | Found Zifruruuwiy's General Store.
  2540 | D:4      | 2540 ||| SHOPLISTING +4 ring mail of cold resistance (434
                  | gold, have 201).
  2540 | D:4      | 2540 ||| SHOPLISTING wand of digging (4) (235 gold, have
                  | 201).
  2544 | D:4      | Found a staircase to the Ecumenical Temple.
  2545 | D:4      | 2545 ||| PLANNING TEMPLE
  2557 | D:4      | Killed from afar by an oklob sapling

Levels and vault maps discovered:
D:1:      spicycebolla_green_bress_n_ham_2, layout_basic,
          ebering_ecumenical_altar_abandoned
D:2:      layout_basic, serial_corexii_hall, corexii_hall_statues_i,
          corexii_hall_statues_i, corexii_hall_statues_u,
          corexii_hall_statues_deadend, corexii_hall_statues_u,
          corexii_hall_statues_s
D:3:      layout_basic, tso_oasis_becter, overflow_temple_1_default,
          serial_rivers, chequers_serial_rivers_micro_e,
          chequers_serial_rivers_micro_b, chequers_serial_rivers_micro_c,
          chequers_serial_rivers_micro_d, gammafunk_ghost_necromancy,
          dilly_guarded_unrand_morg
D:4:      layout_basic, nicolae_overflow_crystal_walls, vehumet_crystals,
          minmay_temple_entry_oklob, serial_shops, shop

Skill      XL: |  1  2  3  4  5 |
---------------+----------------+-----
Ranged Weapons | 6 7 8 9 |  9.1
Fighting       | |  1.5
Dodging        | |  2.5
Stealth        | |  1.2

Action                     |  1- 3 |  4- 6 || total
---------------------------+-------+-------++-------
   Fire: Shortbow          |   115 |    99 ||   214
    Use: Scroll            |     4 |     4 ||     8
         Potion            |     1 |     1 ||     2
 Armour: Leather armour    |    31 |    42 ||    73
  Dodge: Dodged            |    47 |    48 ||    95

Table legend:
 A = Non-vault XP
 B = Vault XP
 C = Vault XP percentage of total XP
 D = Non-vault monster count
 E = Vault monster count
 F = Vault count percentage of total count
                 A         B        C        D         E       F
            +---------+---------+-------+---------+---------+-------
      Total |     249 |      54 |  17.8 |      59 |       7 |  10.6
            +---------+---------+-------+---------+---------+-------
        D:1 |      39 |       0 |   0.0 |      20 |       0 |   0.0
        D:2 |      48 |       0 |   0.0 |      21 |       0 |   0.0
        D:3 |     158 |      54 |  25.5 |      16 |       7 |  30.4
        D:4 |       4 |       0 |   0.0 |       2 |       0 |   0.0
            +---------+---------+-------+---------+---------+-------
